 Dungeon Crawl Stone Soup version 0.23.2-30-g0e89c35649 (webtiles) character file.

Game seed: 13572954021477914932

1347 shadizar the Shield-Bearer (level 8, 0/48 HPs)
             Began as a Gargoyle Fighter on June 22, 2019.
             Was a Follower of Okawaru.
             Killed from afar by an orc (12 damage)
             ... with a wand of acid (10)
             ... on level 7 of the Dungeon.
             The game lasted 00:06:11 (4821 turns).

shadizar the Shield-Bearer (Gargoyle Fighter)       Turns: 4821, Time: 00:06:11

Health: 0/48       AC: 12    Str: 21    XL:     8   Next: 62%
Magic:  9/9        EV:  9    Int: 10    God:    Okawaru [*.....]
Gold:   166        SH: 10    Dex:  9    Spells: 7/7 levels left

rFire    . . .     SeeInvis .   a - +0 flail
rCold    . . .     Gourm    .   c - +0 shield
rNeg     + . .     Faith    .   b - +0 scale mail
rPois    ∞         Spirit   .   B - +1 helmet
rElec    +         Reflect  .   (no cloak)
rCorr    .         Harm     .   (no gloves)
MR       .....                  i - +0 pair of boots
Stlth    ..........             (no amulet)
HPRegen  0.16/turn              (no ring)
MPRegen  0.11/turn              (no ring)

@: corroded
A: negative energy resistance 1, electricity resistance, unbreathing,
petrification resistance, rot immunity, AC +5
a: Heroism, Renounce Religion


You were on level 7 of the Dungeon.
You worshipped Okawaru.
Okawaru was aware of your devotion.
You were not hungry.

You visited 2 branches of the dungeon, and saw 8 of its levels.

You collected 166 gold pieces.

Inventory:

Hand Weapons
 a - a +0 flail (weapon)
Armour
 b - a +0 scale mail (worn)
 c - a +0 shield (worn)
 i - a +0 pair of boots (worn)
 B - a +1 helmet (worn)
Jewellery
 o - an uncursed ring of stealth {unknown}
 v - an uncursed ring of flight {unknown}
 z - an uncursed ring of magical power {unknown}
Wands
 n - a wand of random effects (23)
Scrolls
 e - 2 scrolls of blinking {unknown}
 h - 3 scrolls of teleportation {unknown}
 j - 4 scrolls of enchant weapon {unknown}
 k - 3 scrolls of enchant armour {unknown}
 l - a scroll of magic mapping {unknown}
 p - 2 scrolls of identify {unknown}
 s - 2 scrolls of fear {unknown}
 t - a scroll of noise {unknown}
 w - a scroll of fog {unknown}
 y - a scroll of random uselessness {unknown}
 A - 2 scrolls of remove curse {unknown}
Potions
 d - 2 potions of might
 g - 5 potions of curing {unknown}
 m - 3 potions of haste {unknown}
 q - a potion of lignification {unknown}
 r - a potion of cancellation {unknown}
 u - a potion of brilliance {unknown}
 x - a potion of flight {unknown}
Comestibles
 f - 8 rations
 C - 3 chunks of flesh


   Skills:
 + Level 4.8 Fighting
 + Level 6.0 Maces & Flails
 + Level 5.1 Armour
 + Level 2.7 Dodging
 - Level 0.6 Stealth
 + Level 6.5 Shields
 + Level 2.5 Invocations


You had 7 spell levels left.
You didn't know any spells.
Your spell library contained the following spells:

 Spells                   Type           Power        Failure   Level  Hunger
 Beastly Appendage        Tmut           #.....       96%         1    ##.....
 Sticks to Snakes         Tmut           #.......     99%         2    ###....
 Spider Form              Tmut/Pois      #.........   100%        3    ####...
 Ice Form                 Ice/Tmut       #.......     100%        4    #####..
 Blade Hands              Tmut           #.........   100%        5    ######.


Dungeon Overview and Level Annotations

Branches:
Dungeon (7/15)             Temple (1/1) D:4

Altars:
Ashenzari
Cheibriados
Dithmenos
Elyvilon
Fedhas
Gozag
Hepliaklqana
Kikubaaqudgha
Makhleb
Nemelex Xobeh
Okawaru
Trog
Uskayaw
Vehumet
Wu Jian
Xom
Yredelemnul
Zin
The Shining One

Shops:
D:6 [


Innate Abilities, Weirdness & Mutations

You are resistant to torment.
Your stone body is resilient. (AC +5)
You are immune to poison.
You resist negative energy. (rN+)
You are resistant to electric shocks. (rElec)
You can survive without breathing.
You are immune to petrification.
You are immune to rotting.


Message History

You are too injured to fight recklessly!
You are too injured to fight recklessly!
You are too injured to fight recklessly!
You are too injured to fight recklessly!
You are too injured to fight recklessly!
You are too injured to fight recklessly!
You are too injured to fight recklessly!
You are too injured to fight recklessly!
You are too injured to fight recklessly!
You are too injured to fight recklessly!
You are too injured to fight recklessly!
You are too injured to fight recklessly!
You hit the orc.
The orc is heavily wounded.
The orc completely misses you.
You closely miss the orc.
The orc is heavily wounded.
The orc hits you but does no damage.
The orc zaps a wand.
The bolt of acid hits you!
You die...

## #.#
#†##
#@########
##o.....(.
#.#######.
#.# #.#
#.. #.#
#.# ..


You could see an orc.

Vanquished Creatures
  Menkaure (D:5)
  An ice beast (D:5)
  A black bear (D:6)
  An ogre (D:4)
  A centaur (D:5)
  2 scorpions
  2 orc priests (D:4)
  2 centaur skeletons
  An iguana (D:4)
  Natasha (thrice) (D:3)
  6 orc wizards
  6 worker ants
  4 gnolls (D:2)
  12 adders
  2 shadow imps (D:5)
  4 worms
  3 dart slugs
  A leopard gecko (D:1)
  18 orcs
  7 giant cockroaches
  11 goblins
  8 hobgoblins
  A jackal (D:7)
  5 kobolds
  4 quokkas
  2 ball pythons
  5 bats
  4 frilled lizards
  4 quokka skeletons
  6 rats
128 creatures vanquished.

Vanquished Creatures (others)
  An orc (D:6)
1 creature vanquished.

Grand Total: 129 creatures vanquished

Notes
Turn   | Place    | Note
-------+----------+-------------------------------------------
     0 | D:1      | shadizar the Gargoyle Fighter began the quest for the Orb.
     0 | D:1      | Reached XP level 1. HP: 14/14 MP: 1/1
   131 | D:1      | Reached XP level 2. HP: 14/19 MP: 2/2
   410 | D:2      | Found a glowing silver altar of Zin.
   410 | D:2      | Found a shimmering altar of Xom.
   410 | D:2      | Noticed an angel
   455 | D:2      | Reached XP level 3. HP: 13/23 MP: 3/3
   622 | D:2      | Reached XP level 4. HP: 24/28 MP: 4/4
  1085 | D:2      | Found a shattered altar of Ashenzari.
  1224 | D:2      | Reached XP level 5. HP: 32/32 MP: 5/5
  1247 | D:2      | Reached skill level 1 in Dodging
  1728 | D:2      | Reached XP level 6. HP: 28/37 MP: 6/6
  1740 | D:3      | Found an ornate altar of the Wu Jian Council.
  1878 | D:3      | Noticed Natasha
  1883 | D:3      | Killed Natasha
  1883 | D:3      | Reached skill level 5 in Shields
  1968 | D:3      | Noticed Natasha
  1977 | D:3      | Killed Natasha
  2039 | D:3      | Noticed Natasha
  2062 | D:3      | Killed Natasha
  2253 | D:4      | Found a staircase to the Ecumenical Temple.
  2268 | Temple   | Entered the Ecumenical Temple
  2276 | Temple   | Reached XP level 7. HP: 30/42 MP: 7/7
  2280 | Temple   | Reached skill level 5 in Maces & Flails
  2304 | Temple   | Became a worshipper of Warmaster Okawaru
  3046 | D:4      | Found a snail-covered altar of Cheibriados.
  3048 | D:4      | Found a hide-covered altar of Uskayaw.
  3051 | D:4      | Found a hazy altar of Hepliaklqana.
  3132 | D:5      | Entered Level 5 of the Dungeon
  3178 | D:5      | Noticed Menkaure
  3186 | D:5      | Killed Menkaure
  3186 | D:5      | Reached skill level 1 in Invocations
  3227 | D:5      | Reached * piety under Okawaru
  3345 | D:5      | Reached XP level 8. HP: 45/48 MP: 8/8
  4343 | D:6      | Found Tuzymmin's Antique Armour Boutique.
  4350 | D:6      | Found a blossoming altar of Fedhas.
  4445 | D:6      | Reached skill level 5 in Armour
  4821 | D:7      | Killed from afar by an orc

Skill      XL: |  1  2  3  4  5  6  7  8 |
---------------+-------------------------+-----
Shields        | 4 5 6 |  6.5
Maces & Flails | 3 4 5 6 |  6.0
Dodging        | 1 2 |  2.7
Armour         | 4 5 |  5.1
Fighting       | 4 |  4.8
Invocations    | 1 2 |  2.5
Stealth        | |  0.6

Action                   |  1- 3 |  4- 6 |  7- 9 || total
-------------------------+-------+-------+-------++-------
Melee: Flail             |   116 |   304 |   280 ||   700
  Eat: Chunk             |       |     5 |     6 ||    11
       Ration            |       |       |     1 ||     1
Armor: Scale mail        |    77 |   206 |   155 ||   438
Dodge: Dodged            |    48 |   137 |    90 ||   275
Block: Shield            |    88 |   199 |   160 ||   447
